 Dungeon Crawl Stone Soup version 0.29-a0-25-g7f48f510a0 (webtiles) character file.

Game seed: 9334785024015104004

2 shvnji the Chiller (level 1, -1/14 HPs)
             Began as a Ghoul Ice Elementalist on Jan 31, 2022.
             Slain by a jackal (2 damage)
             ... on level 1 of the Dungeon.
             The game lasted 00:02:28 (248 turns).

shvnji the Chiller (Ghoul Ice Elementalist)          Turns: 248, Time: 00:02:29

Health: -1/14      AC:  2    Str: 11    XL:     1   Next: 40%
Magic:  11/11      EV: 12    Int: 10    God:
Gold:   0          SH:  0    Dex:  9    Spells: 2/3 levels left

rFire   . . .      SeeInvis .   (no weapon)
rCold   + . .      Faith    .   (no shield)
rNeg    + + +      Spirit   .   a - +0 robe
rPois   ∞          Reflect  .   (no helmet)
rElec   .          Harm     .   (no cloak)
rCorr   .          Rampage  .   (no gloves)
Will    .....                   (no boots)
Stlth   ++........              (no amulet)
HPRegen 0.00/turn               b - ring of magical power
MPRegen 0.12/turn               (no ring)

@: inhibited regen
A: claws 1, cold resistance 1, negative energy resistance 3, inhibited
regeneration, torment resistance 2
a: no special abilities


You were on level 1 of the Dungeon.
You visited 1 branch of the dungeon, and saw 1 of its levels.

Inventory:

Armour
 a - a +0 robe (worn)
Jewellery
 b - a ring of magical power (left claw)


   Skills:
 + Level 1.7 Dodging
 + Level 2.1 Stealth
 + Level 1.7 Spellcasting
 + Level 4.5 Ice Magic


You had 2 spell levels left.
You knew the following spells:

 Your Spells              Type           Power      Damage    Failure   Level
a - Freeze                Ice            40%        1d6       4%          1

Your spell library contained the following spells:

 Spells                   Type           Power      Damage    Failure   Level
 Frozen Ramparts          Ice            20%        1d4       14%         3
 Ozocubu's Armour         Ice            10%        N/A       14%         3
 Hailstorm                Conj/Ice       5%         3d4       77%         4


Dungeon Overview and Level Annotations

Branches:
Dungeon (1/15)

Altars:


Innate Abilities, Weirdness & Mutations

You thrive by killing the living.
You are immune to poison.
You have sharp fingernails.
Your flesh is cold resistant. (rC+)
You are immune to negative energy. (rN+++)
You do not regenerate when monsters are visible.
You are immune to unholy pain and torment.


Message History

You see here a bat corpse.
As you open the door, it creaks loudly!
There is an open door here.
Found 9 gold pieces and 20 sling bullets.
A goblin comes into view. It is wielding a +0 club.
The goblin shouts!
A jackal comes into view.
Found 10 gold pieces.
A jackal comes into view.
The goblin misses you.
The jackal barks! x2
You see here 9 gold pieces.
The goblin barely misses you.
You see here 10 gold pieces.
The jackal barely misses you. The jackal misses you.
The jackal bites you but does no damage. x2
The jackal bites you.
The jackal bites you but does no damage.
The jackal closely misses you. The jackal barely misses you.
A kobold comes into view. It is wielding a +0 short sword.
There is an open door here.
The jackal completely misses you.
You closely miss the jackal. The jackal completely misses you.
You scratch the jackal.
The jackal is heavily wounded.
The jackal closely misses you.
You barely miss the jackal.
The jackal is heavily wounded.
The jackal bites you but does no damage. x2
You closely miss the jackal. The jackal bites you.
* * * LOW HITPOINT WARNING * * *
The jackal closely misses you.
You barely miss the jackal.
The jackal bites you but does no damage.
The jackal bites you.
* * * LOW HITPOINT WARNING * * *
The jackal completely misses you. The jackal bites you.
You die...

#. ###############...
########## #g..h............
#........###h###........#####
#.)..##..#8.@h8#..##....##...
#...## ##.#.##.####........
#....##..#8.#.8#..##.........
#........##.#.##...$..$..####
#.########8...8########..#
#.#8#8#8#8#...#8#8#8#8#(.#
##.#.†.....K...........#..#
#..'.#####...<...#####.+..#
#..#..[................#.##


You could see 2 jackals, a goblin and a kobold (wandering).

Vanquished Creatures
  A bat (D:1)
  A goblin (D:1)
2 creatures vanquished.

Notes
Turn   | Place    | Note
-------+----------+-------------------------------------------
     0 | D:1      | shvnji the Ghoul Ice Elementalist began the quest for the
                  | Orb.
     0 | D:1      | Reached XP level 1. HP: 14/14 MP: 2/2
   248 | D:1      | Slain by a jackal

Illustrated notes

Levels and vault maps discovered:
D:1:      heliophobic_arrival_ceremonial_halls, layout_rooms,
          hellmonk_ecumenical_altar_watching_god

Action                   || total
-------------------------++-------
Melee: Unarmed           ||    13
  Use: Potion            ||     1
Armor: Robe              ||    15
Dodge: Dodged            ||    28

Table legend: (Time is in decaauts)
 A = Elapsed time spent in this place.
 B = Non-inter-level travel time spent in this place.
 C = Inter-level travel time spent in this place.
 D = Time resting spent in this place.
 E = Time spent auto-exploring this place.
 F = Levels seen in this place.
 G = Mean time per level.
                   A        B        C        D        E       F      G
               +--------+--------+--------+--------+--------+-----+--------+
         Total |    247 |    245 |      2 |      0 |      0 |   1 |  247.0 |
       Dungeon |    247 |    245 |      2 |      0 |      0 |   1 |  247.0 |
               +--------+--------+--------+--------+--------+-----+--------+

Top non-repeatable levels by time:
     D:1: 247 daAuts
